 Dungeon Crawl Stone Soup version 0.26-a0-834-g69557b85cc (webtiles) character file.

Game seed: 17282921386172904190

61 robertstho the Vandal (level 4, -2/29 HPs)
             Began as a Halfling Hunter on Nov 16, 2020.
             Was an Initiate of Lugonu.
             Slain by Crazy Yiuf
             ... wielding a +2 quarterstaff of chaos
              (10 damage)
             ... on level 2 of the Dungeon.
             The game lasted 00:03:21 (1315 turns).

robertstho the Vandal (Halfling Hunter)             Turns: 1315, Time: 00:03:22

Health: -2/29      AC:  8    Str: 14    XL:     4   Next: 27%
Magic:  4/4        EV:  8    Int:  9    God:    Lugonu [......]
Gold:   130        SH:  4    Dex: 14    Spells: 3/3 levels left

rFire    . . .     SeeInvis .   a - +1 hunting sling
rCold    . . .     Faith    .   i - +0 buckler
rNeg     . . .     Spirit   .   m - +0 chain mail
rPois    .         Reflect  .   (no helmet)
rElec    .         Harm     .   (no cloak)
rCorr    .         Rampage  .   (no gloves)
MR       .....                  (no boots)
Stlth    ..........             (no amulet)
HPRegen  0.09/turn              (no ring)
MPRegen  0.09/turn              (no ring)

@: mighty, very slightly contaminated, invisible
A: small, mutation resistance 1
a: Renounce Religion


You were on level 2 of the Dungeon.
You worshipped Lugonu.
Lugonu was noncommittal.
You visited 1 branch of the dungeon, and saw 2 of its levels.
You visited the Abyss 1 time.

You collected 130 gold pieces.

Inventory:

Hand Weapons
 a - a +1 hunting sling (weapon)
 b - a +0 short sword
Missiles
 g - 110 stones (quivered)
Armour
 i - a +0 buckler (worn)
 m - a +0 chain mail (worn)
Jewellery
 k - an uncursed ring of flight {unknown}
 p - an uncursed amulet of the acrobat {unknown}
Scrolls
 c - 3 scrolls of random uselessness
 e - 2 scrolls of remove curse
 f - 2 scrolls of magic mapping
 o - a scroll of fear
 q - a scroll of enchant armour {unknown}
Potions
 h - a potion of haste {unknown}
 j - a potion of heal wounds {unknown}
 l - 2 potions of curing {unknown}
 n - a potion of mutation {unknown}


   Skills:
 * Level 2.2 Fighting
 * Level 7.6 Slings
 + Level 2.2 Dodging
 + Level 1.1 Stealth


You had 3 spell levels left.
You didn't know any spells.
Your spell library was empty.

Dungeon Overview and Level Annotations

Branches:
Dungeon (2/15)

Altars:
Sif Muna
Uskayaw

Annotations:
D:2 Crazy Yiuf


Innate Abilities, Weirdness & Mutations

You are small and have problems with some larger weapons.
You are somewhat resistant to further mutation.


Message History

Unknown command.
You are too injured to fight recklessly!
Unknown command.
You are too injured to fight recklessly!
Unknown command.
You are too injured to fight recklessly!
Unknown command.
You are too injured to fight recklessly!
Unknown command.
You are too injured to fight recklessly!
Unknown command.
You are too injured to fight recklessly!
Firing (i - inventory)
g - 111 stones (quivered)
Press: ? - help, Shift-Dir - straight line, f/p - Crazy Yiuf
Aim: Crazy Yiuf, wielding a +2 quarterstaff of chaos and wearing a +0 cloak (moderately wounded)
You shoot a stone.
The stone hits Crazy Yiuf but does no damage.
Crazy Yiuf is moderately wounded.
Crazy Yiuf hits you with a +2 quarterstaff of chaos!
You die...

..##...#####.#.######
÷.##.#.###...#.#
..#..#.##..###.#
..#.##..#### ###
....###.## ...## #..#
..## ##.# ### ♣♣####
### #.# #)..#♣♣
♣♣...)## #.#
#(..(@♣♣♣♣.P....#
##.#
#...#♣g.♣..P....#
#..# ### ♣♣♣.♣....#.#
###.## ♣♣♣♣♣###.###
#...# #....# #.###
### #######....# ##.#
#.# #..........# #..#
#.# #..........#
###.##
#.######..........#


You could see Crazy Yiuf.

Vanquished Creatures
  Jessica (D:2)
  A leopard gecko (D:1)
  2 bats (D:1)
  A giant cockroach (D:1)
  3 goblins (D:2)
  3 hobgoblins
  7 jackals
  2 frilled lizards (D:1)
  4 kobolds
  9 rats
33 creatures vanquished.

Notes
Turn   | Place    | Note
-------+----------+-------------------------------------------
     0 | D:1      | robertstho the Halfling Hunter began the quest for the Orb.
     0 | D:1      | Reached XP level 1. HP: 14/14 MP: 1/1
   123 | D:1      | Reached skill level 6 in Slings
   234 | D:1      | Reached XP level 2. HP: 19/19 MP: 2/2
   544 | D:1      | Reached XP level 3. HP: 24/24 MP: 3/3
   686 | D:2      | Found a shimmering blue altar of Sif Muna.
   706 | D:2      | Reached skill level 7 in Slings
  1009 | D:2      | Found a hide-covered altar of Uskayaw.
  1012 | D:2      | Noticed Jessica
  1014 | D:2      | Killed Jessica
  1015 | D:2      | Reached XP level 4. HP: 29/29 MP: 4/4
  1103 | D:2      | Found a runed translucent door.
  1104 | D:2      | Noticed Crazy Yiuf
  1112 | D:2      | Cast into level 1 of the Abyss (Crazy Yiuf)
  1217 | Abyss:1  | Noticed a large abomination
  1240 | Abyss:2  | Found a corrupted altar of Lugonu.
  1244 | Abyss:2  | Became a worshipper of Lugonu the Unformed
  1244 | Abyss:2  | Reached * piety under Lugonu
  1301 | Abyss:2  | Noticed a naga
  1302 | D:2      | Escaped the Abyss
  1315 | D:2      | Slain by Crazy Yiuf

Illustrated notes

Levels and vault maps discovered:
D:1:      dpeg_arrival_tiny_d, layout_loops_ring
D:2:      layout_rooms, eat_drink_and_be_merry_uskayaw,
          nicolae_overflow_crystal_walls, uniq_jessica, uniq_crazy_yiuf_cottage

Skill      XL: |  1  2  3 |
---------------+----------+-----
Slings         | 6 7 |  7.6
Fighting       | 2 |  2.2
Dodging        | |  2.2
Stealth        | |  1.1

Action                   |  1- 3 |  4- 6 || total
-------------------------+-------+-------++-------
 Fire: Hunting sling     |    81 |    14 ||    95
Invok: Depart the Abyss  |       |     1 ||     1
  Use: Scroll            |       |     5 ||     5
Armor: Chain mail        |    12 |     5 ||    17
       Scale mail        |     1 |       ||     1
Dodge: Dodged            |     8 |     3 ||    11
Block: Buckler           |     7 |       ||     7

Table legend: (Time is in decaauts)
 A = Elapsed time spent in this place.
 B = Non-inter-level travel time spent in this place.
 C = Inter-level travel time spent in this place.
 D = Time resting spent in this place.
 E = Time spent auto-exploring this place.
 F = Levels seen in this place.
 G = Mean time per level.
                   A        B        C        D        E       F      G
               +--------+--------+--------+--------+--------+-----+--------+
         Total |   1303 |   1274 |     29 |      0 |   1034 |   4 |  325.8 |
       Dungeon |   1114 |   1085 |     29 |      0 |    884 |   2 |  557.0 |
         Abyss |    189 |    189 |      0 |      0 |    150 |   2 |   94.5 |
               +--------+--------+--------+--------+--------+-----+--------+

Top non-repeatable levels by time:
     D:1: 638 daAuts
     D:2: 476 daAuts
 Abyss:1: 127 daAuts
 Abyss:2: 61 daAuts
